 Dungeon Crawl Stone Soup version 0.14.0-7-g2801ba0 (webtiles) character file.

27366 Ragg the Grappler (level 12, -9/130 HPs)
             Began as a Troll Berserker on Apr 12, 2014.
             Was the Champion of Trog.
             Mangled by a black mamba (15 damage)
             ... on Level 5 of the Lair of Beasts on Apr 13, 2014.
             The game lasted 00:57:13 (14354 turns).

Ragg the Grappler (Troll Berserker)                Turns: 14354, Time: 00:57:13

HP  -9/130       AC 10     Str 28      XL: 12   Next: 98%
MP   5/5         EV 15     Int  4      God: Trog [******]
Gold 930         SH  0     Dex 12      Spells:  0 memorised, 11 levels left

rFire  + . .     SeeInvis .       - Unarmed
rCold  + . .     Clarity  .     D - +4 robe of the Monkey's Uncle {rC+ Acc+6 Curse}
rNeg   . . .     Conserve .     (shield restricted)
rPois  .         rCorr    .     (helmet restricted)
rElec  .         rRot     .     C - +0 cloak
SustAb . .       Spirit   .     (gloves unavailable)
rMut   .         Warding  .     (boots unavailable)
Gourm  +         Stasis   .     (no amulet)
MR     +++..                    o - ring of protection from magic
                                f - ring of protection from fire

@: recuperating, exhausted, lethally poisoned, badly diseased, slowed, very
slow, extremely resistant to hostile enchantments, unstealthy
A: unfitting armour, claws 3, fast metabolism 3, gourmand, regeneration 2,
saprovore 2, shaggy fur 1, tough skin 2
a: Burn Spellbooks, Berserk, Trog's Hand, Brothers in Arms, Renounce Religion


You were on level 5 of the Lair of Beasts.
You worshipped Trog.
Trog was exalted by your worship.
You were not hungry.

You visited 2 branches of the dungeon, and saw 18 of its levels.
You also visited: Ossuary.

You collected 930 gold pieces.

Inventory:

Missiles
 e - 5 large rocks (quivered)
Armour
 C - a +0 cloak (worn)
 D - the +4 robe of the Monkey's Uncle (worn) {rC+ Acc+6 Curse}
   (You found it on level 2 of the Lair of Beasts)

   It affects your accuracy with ranged weapons and melee attacks (+6).
   It protects you from cold.
   It may recurse itself when equipped.
Magical devices
 s - a wand of fire (6)
 t - a wand of fire (8)
 B - a wand of fire (3)
 E - a wand of cold (7)
 M - a wand of lightning (5)
 O - a wand of draining (5)
Comestibles
 a - 7 meat rations
 d - 10 bread rations
 g - an apple
 Q - 2 beef jerkies
Scrolls
 b - a scroll of immolation
 i - a scroll of noise
 j - 2 scrolls of magic mapping
 l - a scroll of fear
 m - 2 scrolls of teleportation
 p - 2 scrolls of summoning {unknown}
 r - a scroll of enchant weapon II
 u - 4 scrolls of enchant armour
 v - 4 scrolls of recharging
 w - 9 scrolls of remove curse
 y - a scroll of vulnerability {unknown}
 F - 2 scrolls of enchant weapon I
 H - a scroll of fog
Jewellery
 f - a ring of protection from fire (left claw)
 n - an uncursed ring of protection from cold
 o - a ring of protection from magic (right claw)
Potions
 c - 3 potions of magic
 h - 7 potions of curing
 k - a potion of lignification
 q - 3 potions of restore abilities
 x - 8 potions of heal wounds
 z - 3 potions of haste
 A - 2 potions of berserk rage
 G - 2 potions of mutation {unknown}
 I - a potion of strong poison {unknown}
 J - 3 potions of poison {unknown}
 K - a potion of decay {unknown}
 L - 2 potions of paralysis {unknown}
 N - a potion of invisibility {unknown}
 W - 3 potions of flight {unknown}
 X - 4 potions of brilliance {unknown}


   Skills:
 + Level 11.1 Fighting
 + Level 11.0 Dodging
 + Level 12.9 Unarmed Combat


You had 11 spell levels left.
You didn't know any spells.

Dungeon Overview and Level Annotations

Branches:
Dungeon (13/15)            Temple (0/1) D:4             Orc (0/4) D:10
   Lair (5/8) D:11
  Swamp: Lair:3-6    Shoals: Lair:3-6     Snake: Lair:3-6    Spider: Lair:3-6
 Vaults: D:13-14

Altars:
Ashenzari
Cheibriados
Dithmenos
Fedhas
Kikubaaqudgha
Nemelex Xobeh
Okawaru
Trog
Xom
Zin

Shops:
D:4 :   D:6 %   D:7 %   D:11 [   D:12 *


Innate Abilities, Weirdness & Mutations

You are too large for most types of armour.
You have claws for hands.
Your metabolism is lightning-fast.
You like to eat raw meat.
You heal very quickly.
You can eat rotten meat.
You are covered in fur (AC +1).
You have very tough skin (AC +2).


Message History

The black mamba completely misses you. The wolf bites you but does no damage.
The death yak barely misses you. The black mamba misses you.
The wolf misses you.
You are too berserk!
You feel a strong urge to attack something.
You feel sick.
The death yak snorts and paws the ground.
You feel sick.
You feel your anger subside.
You feel sick. The black mamba bites you!
* * * LOW HITPOINT WARNING * * *
You are no longer berserk.
You are exhausted.
You feel yourself slow down.
You hit the plant but do no damage.
You feel sick. The black mamba misses you. The wolf completely misses you.
The black mamba bites you.
* * * LOW HITPOINT WARNING * * *
The wolf bites you but does no damage.
You feel sick. The black mamba bites you!
You die...

.......<.....##...#
..................##
.Y..#.....f.......#...
..#
###...#...P........ .
##............#.....
#.............##....
.#........#.......##
#..............# ..#.
.........+.@PP#.....
........#.!Sh##......
.........#........)..
...........Y.#......
......P##...Y......
#.#.}..##Y.?......
##+..#.Y%Y....... ..
#...##..... . ......
.....


You could see 3 death yaks, a black mamba, a yak and a wolf.

Vanquished Creatures
  Josephine (D:11)
  A centaur warrior (D:12)
  Pikel (D:5)
  3 hill giants
  A cyclops (D:12)
  2 black mambas
  A griffon (Lair:3)
  7 spiny frogs
  2 two-headed ogres
  3 komodo dragons
  3 trolls
  A formicid (shapeshifter) (D:8)
  A shadow (D:11)
  A wyvern (Lair:3)
  3 basilisks
  A deep elf mage (D:6)
  8 yaks
  19 ugly things
  A hog (D:7)
  A human (D:7)
  3 hippogriffs
  A wyvern (shapeshifter) (D:8)
  3 vampire mosquitoes (D:12)
  4 wolves (Lair:5)
  Edmund (D:4)
  2 steam dragons
  A necrophage (D:7)
  A slave (D:5)
  8 water moccasins
  4 porcupines
  4 ice beasts (D:12)
  A black bear (D:8)
  A yellow wasp (D:12)
  2 phantoms
  4 orc warriors
  7 ogres
  A manticore zombie (D:11)
  15 centaurs
  9 sky beasts
  4 crocodiles
  An elf zombie (Ossuary)
  3 big kobolds
  12 giant frogs
  4 giant slugs
  2 insubstantial wisps (D:9)
  A komodo dragon skeleton (D:8)
  A gnoll sergeant (D:6)
  A scorpion (Lair:1)
  A yak zombie (D:12)
  17 killer bees
  An eye of draining (D:9)
  2 troll zombies
  11 wights
  7 crimson imps
  2 troll skeletons
  3 goliath beetles
  A jelly (D:8)
  Crazy Yiuf (D:4)
  A giant frog zombie (D:11)
  3 human zombies (Ossuary)
  A centaur skeleton (D:6)
  2 giant frog skeletons (D:11)
  5 hounds
  6 orc priests
  6 orc wizards
  8 iguanas
  15 worker ants
  15 sheep
  Ijyb (D:2)
  An ogre skeleton (D:8)
  A crocodile skeleton (D:5)
  2 hound zombies (Ossuary)
  3 mummies (Ossuary)
  A worker ant zombie (D:10)
  12 gnolls
  13 adders
  31 green rats
  6 worms
  5 shadow imps
  An iguana skeleton (D:6)
  An iguana zombie (D:7)
  3 adder zombies (Ossuary)
  4 giant eyeballs
  8 giant geckos
  An ooze (D:6)
  42 orcs
  A bat zombie (D:6)
  2 gnoll zombies (Ossuary)
  17 goblins
  15 hobgoblins
  19 jackals
  31 kobolds
  7 quokkas
  21 bats
  7 giant cockroaches
  5 giant newts
  5 goblin zombies (Ossuary)
  A hobgoblin zombie (Ossuary)
  2 jackal zombies (Ossuary)
  A kobold skeleton (D:6)
  4 kobold zombies (Ossuary)
  3 orc skeletons
  An orc zombie (Ossuary)
  7 quokka zombies (Ossuary)
  18 rats
  A rat skeleton (D:7)
  5 rat zombies (Ossuary)
  5 ballistomycetes
584 creatures vanquished.

Vanquished Creatures (others)
  A slave (D:5)
  A giant newt (D:5)
  2 giant spores
4 creatures vanquished.

Grand Total: 588 creatures vanquished

Notes
Turn   | Place    | Note
--------------------------------------------------------------
     0 | D:1      | Ragg, the Troll Berserker, began the quest for the Orb.
     0 | D:1      | Reached XP level 1. HP: 22/22 MP: 1/1
   144 | D:1      | Reached XP level 2. HP: 29/29 MP: 1/1
   623 | D:2      | Reached XP level 3. HP: 28/36 MP: 2/2
   690 | D:2      | Found a bloodstained altar of Trog.
   894 | D:2      | Acquired Trog's second power
  1112 | D:2      | Noticed Ijyb
  1130 | D:2      | Killed Ijyb
  1130 | D:2      | Reached XP level 4. HP: 24/45 MP: 2/2
  1541 | D:3      | Found a shattered altar of Ashenzari.
  1797 | D:3      | Reached XP level 5. HP: 53/53 MP: 2/2
  1935 | D:3      | Reached skill level 4 in Unarmed Combat
  2075 | D:4      | Noticed Edmund
  2076 | D:4      | Found Ufeamer's Book Emporium.
  2090 | D:4      | Killed Edmund
  2090 | D:4      | Reached XP level 6. HP: 62/62 MP: 3/3
  2354 | D:4      | Found a sand-covered staircase.
  2376 | Ossuary  | Entered an ossuary
  2475 | Ossuary  | Reached skill level 5 in Unarmed Combat
  2589 | Ossuary  | Reached XP level 7. HP: 68/71 MP: 3/3
  2789 | D:4      | Noticed Crazy Yiuf
  2798 | D:4      | Killed Crazy Yiuf
  3104 | D:4      | Noticed an ogre
  3109 | D:4      | Killed an ogre
  3327 | D:4      | Found a staircase to the Ecumenical Temple.
  3367 | D:5      | Entered Level 5 of the Dungeon
  3394 | D:5      | Reached skill level 5 in Fighting
  3489 | D:5      | Acquired Trog's third power
  3489 | D:5      | Reached skill level 5 in Dodging
  3573 | D:5      | Noticed Pikel
  3597 | D:5      | Killed Pikel
  3597 | D:5      | Reached skill level 6 in Unarmed Combat
  3597 | D:5      | Reached XP level 8. HP: 67/83 MP: 3/3
  3779 | D:5      | Paralysed by a giant eyeball for 4 turns
  3845 | D:5      | Reached skill level 7 in Unarmed Combat
  4156 | D:5      | Found a snail-covered altar of Cheibriados.
  4398 | D:6      | Reached XP level 9. HP: 88/91 MP: 4/4
  4537 | D:6      | Found a shadowy altar of Dithmenos.
  4679 | D:6      | Received a gift from Trog
  4721 | D:6      | Found Juaxew's Food Shop.
  5007 | D:7      | Reached skill level 8 in Unarmed Combat
  5068 | D:7      | Found Wibribob's Food Shop.
  5701 | D:7      | Received a gift from Trog
  5830 | D:8      | Reached XP level 10. HP: 81/102 MP: 4/4
  5881 | D:8      | Reached skill level 9 in Unarmed Combat
  5882 | D:8      | Paralysed by a giant eyeball for 3 turns
  6004 | D:8      | Found a shimmering altar of Xom.
  6004 | D:8      | Found a shimmering altar of Xom.
  6014 | D:8      | Found a shimmering altar of Xom.
  6036 | D:8      | Noticed a harpy
  6167 | D:8      | Noticed a harpy
  6184 | D:8      | Found an iron altar of Okawaru.
  6291 | D:8      | Found a blossoming altar of Fedhas.
  6850 | D:9      | Paralysed by a giant eyeball for 4 turns
  7138 | D:9      | Reached skill level 10 in Unarmed Combat
  7219 | D:9      | Found a sparkling altar of Nemelex Xobeh.
  7221 | D:9      | Found an ancient bone altar of Kikubaaqudgha.
  7223 | D:9      | Found a glowing silver altar of Zin.
  7411 | D:10     | Entered Level 10 of the Dungeon
  7684 | D:10     | Noticed a hill giant
  7688 | D:10     | Killed a hill giant
  7729 | D:10     | Reached XP level 11. HP: 78/113 MP: 4/4
  7753 | D:10     | Noticed a hill giant
  7759 | D:10     | Killed a hill giant
  7874 | D:10     | Found a staircase to the Orcish Mines.
  8187 | D:11     | Noticed Josephine
  8264 | D:11     | Found a staircase to the Lair.
  8287 | D:11     | Killed Josephine
  8287 | D:11     | Reached skill level 11 in Unarmed Combat
  8904 | D:11     | Found a shattered altar of Ashenzari.
  8951 | D:11     | Received a gift from Trog
  9328 | D:11     | Found Zoupn's Antique Armour Shoppe.
  9943 | D:12     | Reached skill level 10 in Fighting
  9966 | D:12     | Found Klalour's General Store.
  9984 | D:12     | Reached XP level 12. HP: 72/126 MP: 5/5
 10019 | D:12     | Noticed a centaur warrior
 10026 | D:12     | Killed a centaur warrior
 10026 | D:12     | Reached skill level 10 in Dodging
 10416 | D:12     | Reached skill level 12 in Unarmed Combat
 10445 | D:12     | Received a gift from Trog
 10531 | D:12     | Noticed a hill giant
 10538 | D:12     | Killed a hill giant
 10989 | Lair:1   | Entered Level 1 of the Lair of Beasts
 11856 | Lair:2   | Got a transparent robe
 11865 | Lair:2   | Identified the +4 robe of the Monkey's Uncle {rC+ Acc+6 Curse} (You found it on level 2 of the Lair of Beasts)
 11914 | Lair:2   | Identified a scroll of acquirement
 12017 | Lair:2   | Received a gift from Trog
 14353 | Lair:5   | HP: 6/130 [black mamba (3)]
 14354 | Lair:5   | Mangled by a black mamba

Action                   |  1- 3 |  4- 6 |  7- 9 | 10-12 || total
-------------------------+-------+-------+-------+-------++-------
Melee: Unarmed           |   100 |   199 |   455 |  1008 ||  1762
Throw: Large rock        |       |       |       |     3 ||     3
Invok: Berserk           |       |     2 |     2 |     5 ||     9
       Trog's Hand       |       |       |     1 |     4 ||     5
       Burn Spellbooks   |       |       |       |     2 ||     2
Evoke: Wand              |       |       |     1 |     3 ||     4
  Use: Scroll            |       |       |     2 |    24 ||    26
       Potion            |       |       |     1 |       ||     1
 Stab: Sleeping          |       |       |       |     1 ||     1
